 Dungeon Crawl Stone Soup version 0.16.2-2-g470672f (webtiles) character file.

32 dvd the Vexing (level 3, 0/15 HPs)
             Began as a Felid Enchanter on Aug 30, 2015.
             Succumbed to an adder's poison
             ... on level 2 of the Dungeon.
             The game lasted 00:09:58 (1314 turns).

dvd the Vexing (Felid Enchanter)                    Turns: 1314, Time: 00:09:58

Health: 0/15       AC:  1    Str:  4    XL:     3   Next: 8%
Magic:  4/8        EV: 18    Int: 17    God:
Gold:   69         SH:  0    Dex: 16    Spells: 2 memorised, 3 levels left
                                        Lives:  0   Deaths: 0

rFire  . . .     SeeInvis +       - Unarmed
rCold  + . .     Clarity  .     (armour unavailable)
rNeg   . . .     SustAb   .     (shield unavailable)
rPois  .         Gourm    +     (helmet unavailable)
rElec  .         Spirit   .     (cloak unavailable)
rCorr  .         Warding  .     (gloves unavailable)
rMut   .         Stasis   .     (boots unavailable)
MR     .....                    i - amulet of the gourmand
Stlth  +++.......               (no ring)
                                f - ring of protection from cold

@: lethally poisoned (0 -> -8), quick, not resistant to hostile enchantments,
fairly stealthy
A: paw claws, no armour, no weapons or thrown items, fangs 3, see invisible,
carnivore 3, speed 1, shaggy fur 1, slow metabolism 1, sharp paws
a: no special abilities


You were on level 2 of the Dungeon.
You were very full.

You visited 1 branch of the dungeon, and saw 2 of its levels.

You collected 69 gold pieces.

Inventory:

Jewellery
 f - a ring of protection from cold (left paw)
 i - an amulet of the gourmand (around neck)
Scrolls
 a - 2 scrolls of noise {unknown}
 e - 2 scrolls of identify {unknown}
 g - a scroll of immolation {unknown}
Potions
 j - a potion of poison {unknown}
Books
 c - a book of Maledictions

   Spells                             Type                      Level
   a - Corona                         Hexes                        1
   b - Sure Blade                     Hexes/Charms                 2
   c - Ensorcelled Hibernation        Hexes/Ice                    2
   d - Confuse                        Hexes                        3
   e - Dazzling Spray                 Conjuration/Hexes            3
   f - Enslavement                    Hexes                        4
Comestibles
 d - 2 meat rations


   Skills:
 + Level 0.4 Fighting
 + Level 3.1 Dodging
 + Level 4.2 Stealth
 + Level 1.2 Unarmed Combat
 + Level 2.3 Spellcasting
 + Level 4.8 Hexes
 + Level 0.5 Ice Magic


You had 3 spell levels left.
You knew the following spells:

 Your Spells              Type           Power        Failure   Level  Hunger
a - Corona                Hex            ###....      2%          1    #......
b - Ensorcelled Hibernat  Hex/Ice        ##....       12%         2    ##.....


Dungeon Overview and Level Annotations

Branches:
Dungeon (2/15)

Altars:


Innate Abilities, Weirdness & Mutations

You cannot wear armour.
You are incapable of wielding weapons or throwing items.
You have razor-sharp teeth.
You have supernaturally acute eyesight.
You are carnivorous and can eat meat at any time.
You cover ground quickly.
You are covered in fur (AC +1).
You have a slow metabolism.
Your paws have sharp claws that are effective at stabbing.


Message History

* * * LOW HITPOINT WARNING * * *
You feel sick. The adder barely misses you.
Casting: Corona
Confirm with . or Enter, or press ? or * to list all spells.
Aiming: Ensorcelled Hibernation
Press: ? - help, Shift-Dir - straight line, f/p - adder
Aim: an adder (severely wounded, bleeding, chance 50%)
The adder resists with some effort.
The adder closely misses you. The adder barely misses you.
Casting: Ensorcelled Hibernation
Confirm with . or Enter, or press ? or * to list all spells.
Aiming: Ensorcelled Hibernation
Press: ? - help, Shift-Dir - straight line, f/p - adder
Aim: an adder (severely wounded, bleeding, chance 50%)
The adder resists with some effort.
* * * LOW HITPOINT WARNING * * *
You feel sick. The adder closely misses you.
Drink which item? (? for menu, Esc to quit)
It was a potion of cure mutation.
It has a very clean taste.
You die...

......... # .......#.. .. # #
.>......... #. # ...
#.....(.[..####. #. # ....
##......##..##.. #.###
.....##.....# #.....# ..##
.............#####....# #.##
#...............## ##.##
#.......#.#.S@.........###....
.#.......#.#...............#.
...#####................##.##
.. #..#...........>.....##
#...#..##.....###.###..#
#.#(...#.....## #.# #...
....##..#)#...# #.###<#.
#.........#.....#.#.....
#.........##.##.........


You could see an adder (bleeding).

Vanquished Creatures
  An adder (D:2)
  A giant gecko (D:1)
  3 hobgoblins
  4 kobolds (D:1)
  2 bats
  2 giant cockroaches (D:1)
  2 giant newts (D:2)
  2 goblins (D:1)
  2 jackals (D:1)
  5 rats
24 creatures vanquished.

Notes
Turn   | Place    | Note
--------------------------------------------------------------
     0 | D:1      | dvd, the Felid Enchanter, began the quest for the Orb.
     0 | D:1      | Reached XP level 1. HP: 7/7 MP: 4/4
   629 | D:1      | Reached XP level 2. HP: 7/11 MP: 3/5
   675 | D:1      | Learned a level 2 spell: Ensorcelled Hibernation
  1168 | D:2      | Reached XP level 3. HP: 15/15 MP: 1/8
  1314 | D:2      | Succumbed to an adder's poison

Action                   || total
-------------------------++-------
Melee: Unarmed           ||    52
 Cast: Corona            ||    15
       Ensorcelled Hiber ||    18
  Use: Potion            ||     2
 Stab: Sleeping          ||    10
  Eat: Chunk             ||     8
